 Dungeon Crawl Stone Soup version 0.17.0-57-g0e89251 (webtiles) character file.

284 Peloso the Shield-Bearer (level 6, -2/53 HPs)
             Began as a Minotaur Fighter on Dec 8, 2015.
             Killed by divine providence
             ... invoked by an orc priest
              (12 damage)
             ... on level 3 of the Dungeon.
             The game lasted 00:06:30 (2003 turns).

Peloso the Shield-Bearer (Minotaur Fighter)         Turns: 2003, Time: 00:06:30

Health: -2/53      AC: 13    Str: 29    XL:     6   Next: 7%
Magic:  5/5        EV:  9    Int:  5    God:
Gold:   164        SH: 11    Dex: 11    Spells: 0 memorised, 5 levels left

rFire  . . .     SeeInvis .     a - +0 long sword
rCold  . . .     Clarity  .     b - +0 scale mail
rNeg   . . .     SustAt   .     c - +0 shield
rPois  .         Gourm    .     (helmet restricted)
rElec  .         Spirit   .     k - +0 cloak
rCorr  .         Warding  .     (no gloves)
rMut   .         Stasis   .     f - +0 pair of boots
MR     .....                    (no amulet)
Stlth  ..........               m - +3 ring of strength
                                q - +4 ring of protection

@: mighty, not resistant to hostile enchantments, extremely unstealthy
A: retaliatory headbutt, horns 2
a: no special abilities


You were on level 3 of the Dungeon.
You were hungry.

You visited 1 branch of the dungeon, and saw 3 of its levels.

You collected 164 gold pieces.

Inventory:

Hand Weapons
 a - a +0 long sword (weapon)
 i - a +0 whip of freezing
Armour
 b - a +0 scale mail (worn)
 c - a +0 shield (worn)
 f - a +0 pair of boots (worn)
 k - a +0 cloak (worn)
Jewellery
 j - an uncursed ring of flight
 m - a +3 ring of strength (right hand)
 q - a +4 ring of protection (left hand)
Wands
 o - a wand of slowing (22)
Scrolls
 l - a scroll of fear {unknown}
 n - a scroll of identify {unknown}
 p - 3 scrolls of remove curse {unknown}
 r - a scroll of teleportation {unknown}
Potions
 h - a potion of flight {unknown}
 s - a potion of berserk rage {unknown}
Comestibles
 e - 3 bread rations
 g - 9 fruits


   Skills:
 + Level 4.4 Fighting
 + Level 3.6 Long Blades
 + Level 4.9 Armour
 + Level 2.2 Dodging
 + Level 0.5 Stealth
 + Level 5.6 Shields


You had 5 spell levels left.
You didn't know any spells.

Dungeon Overview and Level Annotations

Branches:
Dungeon (3/15)

Altars:
Xom


Innate Abilities, Weirdness & Mutations

You reflexively headbutt those who attack you in melee.
You have a pair of horns on your head.


Message History

You block the orc warrior's attack.
You slash the orc warrior! Your headbutt misses the orc warrior.
The orc warrior is almost dead.
The orc warrior closely misses you.
You slash the orc warrior!
You kill the orc warrior!
Your Dodging skill increases to level 2!
You have reached level 6!
Your experience leads to an increase in your attributes!
Your base attributes are Str 20, Int 5, Dex 11.
Increase (S)trength, (I)ntelligence, or (D)exterity?
You feel stronger.
You hit the orc priest.
The orc priest is heavily wounded.
You block the orc priest's attack.
You closely miss the orc priest.
The orc priest is heavily wounded.
The orc priest mumbles some strange prayers to Beogh against you.
Something smites you!
You die...

...# ###.# ### #. ##.##
..#.########
............
.###.####### .#
#......############.#
.###.####.......@o.....#
.....# ################
######


You could see an orc priest.

Vanquished Creatures
  A phantom (D:3)
  An orc warrior (D:3)
  An orc wizard (D:3)
  An adder (D:2)
  An ooze (D:2)
  3 worms
  3 giant geckos
  3 giant cockroaches (D:2)
  9 hobgoblins
  3 jackals (D:3)
  4 kobolds
  3 ball pythons
  6 bats
  2 giant newts
  6 goblins
  A quokka (D:3)
  11 rats
59 creatures vanquished.

Notes
Turn   | Place    | Note
--------------------------------------------------------------
     0 | D:1      | Peloso the Minotaur Fighter began the quest for the Orb.
     0 | D:1      | Reached XP level 1. HP: 19/19 MP: 0/0
   141 | D:1      | Reached XP level 2. HP: 18/27 MP: 1/1
   316 | D:1      | Reached skill level 4 in Shields
   969 | D:2      | Reached XP level 3. HP: 33/33 MP: 2/2
  1684 | D:3      | Noticed a phantom
  1700 | D:3      | Killed a phantom
  1700 | D:3      | Reached skill level 1 in Dodging
  1700 | D:3      | Reached skill level 5 in Shields
  1700 | D:3      | Reached XP level 4. HP: 31/40 MP: 3/3
  1700 | D:3      | Reached XP level 5. HP: 35/46 MP: 4/4
  1912 | D:3      | Found a shimmering altar of Xom.
  1988 | D:3      | Noticed an orc warrior
  2001 | D:3      | Killed an orc warrior
  2001 | D:3      | Reached XP level 6. HP: 9/53 MP: 5/5
  2003 | D:3      | Killed from afar by an orc priest

Action                   |  1- 3 |  4- 6 || total
-------------------------+-------+-------++-------
Melee: Long sword        |   116 |    30 ||   146
  Use: Potion            |       |     1 ||     1
  Eat: Chunk             |     3 |       ||     3
